 Dungeon Crawl Stone Soup version 0.29-a0-542-g075992c915 (webtiles) character file.

Game seed: 8522681282395679612

20 oldriver the Sneak (level 2, -2/25 HPs)
             Began as a Palentonga Delver on June 4, 2022.
             Slain by a gnoll
             ... wielding a +0 spear
              (8 damage)
             ... on level 4 of the Dungeon.
             The game lasted 00:00:32 (419 turns).

oldriver the Sneak (Palentonga Delver)               Turns: 419, Time: 00:00:33

Health: -2/25      AC:  4    Str: 15    XL:     2   Next: 58%
Magic:  2/2        EV:  9    Int: 10    God:
Gold:   0          SH:  0    Dex: 11    Spells: 1/1 levels left

rFire   . . .      SeeInvis +   a - +0 hand axe
rCold   . . .      Faith    .   (no shield)
rNeg    . . .      Spirit   .   b - +0 leather armour
rPois   .          Reflect  .   (no helmet)
rElec   .          Harm     .   (no cloak)
rCorr   .          Rampage  .   (no gloves)
Will    .....                   (no barding)
Stlth   ++........              (no amulet)
HPRegen 0.08/turn               (no ring)
MPRegen 0.08/turn               (no ring)

@: hasted, very quick
A: large, rugged brown scales 3, see invisible, deformed body, roll 1, armoured
tail
a: Rolling Charge


You were on level 4 of the Dungeon.
You visited 1 branch of the dungeon, and saw 2 of its levels.

Inventory:

Hand Weapons
 a - a +0 hand axe (weapon)
Armour
 b - a +0 leather armour (worn)
Wands
 g - a wand of digging (3)
Scrolls
 c - a scroll of fog
 d - a scroll of magic mapping
 e - a scroll of fear
 j - a scroll of poison {unknown}
 k - a scroll of vulnerability {unknown}
Potions
 h - a potion of attraction {unknown}
 i - a potion of flight {unknown}


   Skills:
 + Level 3.3 Fighting
 * Level 2.9 Axes
 - Level 1.5 Dodging
 - Level 3.3 Stealth


You had one spell level left.
You didn't know any spells.
Your spell library was empty.

Dungeon Overview and Level Annotations

Branches:
Dungeon (5/15)
 Temple: D:4-7

Altars:


Innate Abilities, Weirdness & Mutations

You are completely covered in rugged brown scales. (AC +3, +7% HP)
You have supernaturally acute eyesight. (SInv)
Armour fits poorly on your strangely shaped body.
You can roll at nearby foes to attack.
You have a long armoured tail.


Message History

The adder bites you but does no damage. The adder misses you.
You miss the adder.
The adder is severely wounded.
The adder bites you but does no damage.
You hit the adder.
You kill the adder!
You have reached level 2!
You start resting.
HP restored.
A scorpion and a gnoll come into view.
The gnoll shouts!
You hear a shout!
A gnoll comes into view. It is wielding a +0 spear.
The scorpion moves out of view.
There are monsters nearby!
There are monsters nearby!
You roll forward with a clatter of scales!
You barely miss the gnoll.
You hear a shout! x3
The gnoll barely misses you.
You hit the gnoll.
The gnoll is lightly wounded.
The gnoll hits you with a +0 whip.
You hit the gnoll. You tail-slap the gnoll.
You kill the gnoll!
Things that are here:
a +0 whip; a gnoll corpse The gnoll hits you from afar with a +0 spear.
You roll forward with a clatter of scales!
A gnoll comes into view. It is wielding a +2 whip of flaming.
You barely miss the gnoll.
The gnoll shouts!
You hear a shout!
The gnoll hits you with a +0 spear.
You closely miss the gnoll. The gnoll hits you with a +0 spear!
* * * LOW HITPOINT WARNING * * *
You hit the gnoll.
The gnoll is moderately wounded.
A gnoll comes into view. It is wielding a +2 whip of flaming.
The gnoll barely misses you.
You feel yourself speed up. The gnoll hits you with a +0 spear!
You die...

............#
##..##
............#
##..##
...........##
##.g## ...........#
##..## #..........#
##..## ##......†.##
##..## ###..#####
####..## ##..##
#..gg#### ##..##
#...@...####
##..####....°.....#
##..##......)....##
##...............#
##..............#
##.............#
#..............#
##...>.........##
##.÷............#


You could see 3 gnolls.

Vanquished Creatures
  An adder (D:4)
  A gnoll (D:4)
  A quokka (D:4)
  A ball python (D:4)
4 creatures vanquished.

Notes
Turn   | Place    | Note
-------+----------+-------------------------------------------
     0 | D:5      | oldriver the Palentonga Delver began the quest for the Orb.
     0 | D:5      | Reached XP level 1. HP: 19/19 MP: 1/1
    17 | D:5      | Noticed a jelly
   161 | D:4      | Reached XP level 2. HP: 7/25 MP: 2/2
   386 | D:4      | Noticed a scorpion
   419 | D:4      | Slain by a gnoll

Illustrated notes

Levels and vault maps discovered:
D:4:      layout_cave_pods, serial_glass, glass_columns_a, glass_columns_b,
          uniq_duvessa
D:5:      layout_loops_ring, serial_shops, kennysheep_mini_moat

Action                   || total
-------------------------++-------
Melee: Hand axe          ||    19
       Tailslap          ||     1
 Abil: Rolling Charge    ||     3
  Use: Potion            ||     1
Armor: Leather armour    ||     7
Dodge: Dodged            ||     6

Table legend: (Time is in decaauts)
 A = Elapsed time spent in this place.
 B = Non-inter-level travel time spent in this place.
 C = Inter-level travel time spent in this place.
 D = Time resting spent in this place.
 E = Time spent auto-exploring this place.
 F = Levels seen in this place.
 G = Mean time per level.
                   A        B        C        D        E       F      G
               +--------+--------+--------+--------+--------+-----+--------+
         Total |    422 |    422 |      0 |    218 |    119 |   2 |  211.0 |
       Dungeon |    422 |    422 |      0 |    218 |    119 |   2 |  211.0 |
               +--------+--------+--------+--------+--------+-----+--------+

Top non-repeatable levels by time:
     D:4: 396 daAuts
     D:5: 26 daAuts
